 Dungeon Crawl Stone Soup version 0.18-a0-1147-g8e8348b (webtiles) character file.

69 patman the Twirler (level 4, -6/25 HPs)
             Began as a Deep Elf Gladiator on Jan 22, 2016.
             Mangled by a slave (9 damage)
             ... led by Pikel
             ... on level 3 of the Dungeon.
             The game lasted 00:05:52 (3531 turns).

patman the Twirler (Deep Elf Gladiator)             Turns: 3531, Time: 00:05:53

Health: -6/25      AC:  5    Str: 12    XL:     4   Next: 2%
Magic:  6/6        EV: 13    Int: 14    God:
Gold:   145        SH:  0    Dex: 15    Spells: 0 memorised, 3 levels left

rFire  . . .     SeeInvis .     a - +0 quarterstaff
rCold  . . .     Gourm    .     b - +0 leather armour
rNeg   . . .     Faith    .     (shield currently unavailable)
rPois  .         Spirit   .     c - +0 helmet
rElec  .         Dismiss  .     (no cloak)
rCorr  .         Reflect  .     (no gloves)
SustAt .         Harm     .     x - +0 pair of boots
MR     .....                    (no amulet)
Stlth  ++........               w - ring of stealth
                                e - ring of wizardry

@: not resistant to hostile enchantments, unstealthy
A: no striking features
a: no special abilities


You were on level 3 of the Dungeon.
You were near starving.

You visited 1 branch of the dungeon, and saw 4 of its levels.

You collected 145 gold pieces.

Inventory:

Hand Weapons
 a - a +0 quarterstaff (weapon)
Missiles
 d - 3 throwing nets (quivered)
 h - 6 javelins
 t - 2 javelins of penetration
Armour
 b - a +0 leather armour (worn)
 c - a +0 helmet (worn)
 x - a +0 pair of boots (worn)
Jewellery
 e - a ring of wizardry (left hand)
 v - an uncursed ring of sustain attributes
 w - a ring of stealth (right hand)
 A - an uncursed ring of wizardry
Scrolls
 j - a scroll of random uselessness {unknown}
 k - a scroll of teleportation {unknown}
 l - a scroll of amnesia {unknown}
 n - a scroll of fear {unknown}
 o - a scroll of enchant armour {unknown}
 q - a scroll of remove curse {unknown}
 s - 4 scrolls of identify {unknown}
 u - 2 scrolls of magic mapping {unknown}
 y - a scroll of noise {unknown}
 z - a scroll of immolation {unknown}
Potions
 g - a potion of lignification {unknown}
 i - a potion of curing {unknown}
 m - a potion of might {unknown}
 p - a potion of ambrosia
 r - a potion of haste {unknown}
 C - a potion of heal wounds {unknown}
Comestibles
 f - 2 bread rations


   Skills:
 - Level 1.5 Fighting
 * Level 4.9 Staves
 - Level 2.0 Throwing
 - Level 3.6 Dodging


You had 3 spell levels left.
You didn't know any spells.

Dungeon Overview and Level Annotations

Branches:
Dungeon (4/15)
 Temple: D:4-7

Altars:
Ashenzari

Annotations:
D:4 Pikel


Message History

You hit the slave but do no damage.
The slave is moderately wounded.
The slave hits you!
You hit the slave.
The slave is heavily wounded.
The slave closely misses you.
You miss the slave.
The slave is heavily wounded.
The slave barely misses you.
You closely miss the slave.
The slave is heavily wounded.
The slave hits you but does no damage.
You barely miss the slave.
The slave is heavily wounded.
The slave hits you!
* * * LOW HITPOINT WARNING * * *
You closely miss the slave.
The slave is heavily wounded.
The slave hits you!
You die...

# # # # # #
##################
#................#
#.##############@#
#.######## #p#
#.#......# #.#
#.#.####.# #.#
#.#......# #.#
#.#...#..# #.#
#.#.#.#..#######.#
#.#...#........#.#
..#.#.#.######.#.#


You could see a slave.

Vanquished Creatures
  An adder (D:3)
  3 worms
  4 giant geckos
  2 orcs
  5 bats
  5 giant cockroaches
  4 goblins
  8 hobgoblins
  A quokka (D:2)
  A giant newt (D:3)
  2 kobolds
  5 rats
41 creatures vanquished.

Notes
Turn   | Place    | Note
--------------------------------------------------------------
     0 | D:1      | patman the Deep Elf Gladiator began the quest for the Orb.
     0 | D:1      | Reached XP level 1. HP: 12/12 MP: 3/3
   224 | D:1      | Reached XP level 2. HP: 16/16 MP: 4/4
   841 | D:2      | Reached skill level 4 in Staves
  1135 | D:2      | Reached XP level 3. HP: 18/20 MP: 5/5
  1917 | D:3      | Found a shattered altar of Ashenzari.
  3094 | D:4      | Noticed a slave
  3096 | D:4      | Noticed Pikel
  3097 | D:4      | Noticed a slave
  3098 | D:4      | Noticed a slave
  3099 | D:4      | Noticed a slave
  3354 | D:2      | Reached XP level 4. HP: 7/25 MP: 6/6
  3531 | D:3      | Mangled by a slave

Vault maps used:
D:1:      minmay_arrival_four_loops, kennysheep_another_room
D:3:      old_standard_altar, first_bread
D:4:      minmay_tree_intersection, st_stairs_4, uniq_pikel

Action                   |  1- 3 |  4- 6 || total
-------------------------+-------+-------++-------
Melee: Quarterstaff      |   127 |     7 ||   134
  Use: Potion            |     1 |       ||     1
 Stab: Sleeping          |     7 |       ||     7
  Eat: Chunk             |     5 |       ||     5
       Pizza             |     1 |       ||     1
